 Dungeon Crawl Stone Soup version 0.32-a0-938-g40ac7a0f4d (webtiles) character file.

Game seed: 2354029649376890021

1747 javelincjr the Sneak (level 9, 0/69 HPs)
             Began as a Formicid Hunter on Apr 15, 2024.
             Was a Believer of Beogh.
             Slain by a killer bee (6 damage)
             ... on level 6 of the Dungeon.
             The game lasted 00:17:20 (5104 turns).

javelincjr the Sneak (Formicid Hunter)              Turns: 5104, Time: 00:17:20

Health: 0/69       AC:  4    Str: 21    XL:     9   Next: 26%
Magic:  0/11       EV: 14    Int: 10    God:    Beogh [**....]
Gold:   116        SH:  0    Dex: 21    Spells: 8/8 levels left

rFire   . . .        i - +1 sling (flame)
rCold   . . .        (no shield)
rNeg    . . .        c - +0 leather armour
rPois   .            (helmet unavailable)
rElec   .            (no cloak)
rCorr   .            r - +0 pair of gloves
SInv    +            (no boots)
Will    .....        e - amulet of guardian spirit
Stlth   ++++         u - +6 ring of strength
HPRegen 0.31/turn    (no ring)
MPRegen 0.12/turn

%: guardian spirit
@: lethally poisoned (0 -> -1)
A: permanent stasis, dig shafts and tunnels, antennae 3, four strong arms
a: Dig, Shaft Self, Renounce Religion, Smiting


You were on level 6 of the Dungeon.
You worshipped Beogh.
Beogh was pleased with you.
You visited 1 branch of the dungeon, and saw 6 of its levels.

You collected 197 gold pieces.
You spent 81 gold pieces at shops.

Inventory:

Hand Weapons
 a - a +0 shortbow
 i - a +1 sling of flaming (weapon)
 x - a +2 war axe of distortion
 y - a +2 war axe of flaming
Missiles
 v - 7 poisoned darts
Armour
 c - a +0 leather armour (worn)
 r - a +0 pair of gloves (worn)
Jewellery
 e - an amulet of guardian spirit (around neck)
 p - an amulet of the acrobat
 u - a +6 ring of strength (left hand)
Wands
 k - a wand of flame (15)
 A - a wand of polymorph (2)
Scrolls
 b - a scroll of torment {unknown}
 d - a scroll of identify
 f - 2 scrolls of immolation {unknown}
 h - a scroll of silence {unknown}
 j - a scroll of noise {unknown}
 l - 3 scrolls of revelation {unknown}
 q - 3 scrolls of amnesia {unknown}
 s - a scroll of blinking {unknown}
 t - 5 scrolls of teleportation {unknown}
 w - 2 scrolls of enchant armour {unknown}
 z - a scroll of poison {unknown}
Potions
 m - 2 potions of haste
 n - 2 potions of lignification
 B - a potion of mutation {unknown}


   Skills:
 + Level 6.2 Fighting
 + Level 6.8 Ranged Weapons
 + Level 5.1 Dodging
 + Level 7.2 Stealth
 + Level 3.4 Invocations


You had 8 spell levels left.
You didn't know any spells.
Your spell library contained the following spells:

 Spells                   Type           Power      Damage    Failure   Level
 Tukima's Dance           Hex            0%         N/A       78%         3
 Animate Dead             Necr           0%         N/A       99%         4
 Passage of Golubria      Tloc           0%         N/A       99%         4
 Borgnjor's Vile Clutch   Necr/Erth      0%         N/A       100%        5
 Yara's Violent Unravell  Hex/Alch       0%         3d3       100%        5
 Death Channel            Necr           0%         N/A       100%        6


Dungeon Overview and Level Annotations

Branches:
Dungeon (6/15)             Temple (0/1) D:5

Altars:
Elyvilon
Hepliaklqana
Xom
Zin
Beogh

Shops:
D:2 *


Innate Abilities, Weirdness & Mutations

Your facial features look somewhat orcish.
You cannot be hasted, slowed, berserked, paralysed or teleported.
You can dig through walls and to a lower floor.
You have a pair of large antennae on your head. (SInv)
Your four strong arms can wield two-handed weapons with a shield.


Message History

Fire: i) +1 sling (flame)
Press: ? - help, Q - select action, (/) - cycle Shift-Dir - straight line, f - killer bee
Aim: a killer bee (heavily wounded, 44% to hit)
You shoot a sling bullet. The sling bullet misses the killer bee.
The killer bee stings you but does no damage. x2
Fire: i) +1 sling (flame)
Press: ? - help, Q - select action, (/) - cycle Shift-Dir - straight line, f/p - killer bee
Aim: a killer bee (heavily wounded, 44% to hit)
You shoot a sling bullet. The sling bullet misses the killer bee.
The killer bee stings you.
You are poisoned.
The killer bee poisons you!
The killer bee stings you but does no damage.
Fire: i) +1 sling (flame)
Press: ? - help, Q - select action, (/) - cycle Shift-Dir - straight line, f/p - killer bee
Aim: a killer bee (heavily wounded, 44% to hit)
You shoot a sling bullet. The sling bullet misses the killer bee.
You feel sick. The killer bee stings you.
* * * LOW HITPOINT WARNING * * *
A killer bee comes into view.
The killer bee stings you but does no damage.
Fire: i) +1 sling (flame)
Press: ? - help, Q - select action, (/) - cycle Shift-Dir - straight line, f/p - killer bee
Aim: a killer bee (heavily wounded, 44% to hit)
You shoot a sling bullet.
The sling bullet barely misses the killer bee.
You feel sick.
The killer bee stings you but does no damage. x2
Fire: i) +1 sling (flame)
Press: ? - help, Q - select action, (/) - cycle Shift-Dir - straight line, f - killer bee, p - killer bee
Aim: a killer bee (44% to hit)
You shoot a sling bullet.
The sling bullet closely misses the killer bee.
The sling bullet hits the killer bee!
The sling bullet burns the killer bee.
The killer bee is severely wounded.
You feel less wooden.
Your +0 pair of gloves unmelds from your body.
Your +0 leather armour unmelds from your body.
You feel sick. The killer bee stings you!
You die...

{ ..........#.#.#
#†###
####.......#...#####
#†##.
#.##.#..........#
#....
...#..#..####.#
##### ......#.y#
.###..#..#
..###.....#
........†y#
######..#@#
.........$#
######..........
#...#######. ......
..##...# ...###.##
## ./.###. #ß ......
##


You could see 2 killer bees.

Vanquished Creatures
  A meliai (D:6)
  Grinder (D:5)
  A water moccasin (D:6)
  3 black bears
  An ogre (D:5)
  A phantom (D:6)
  Blork the orc (D:4)
  A scorpion (D:5)
  2 killer bees (D:6)
  2 bombardier beetles
  2 hounds (D:5)
  An orc priest (D:5)
  A jelly (D:6)
  A sleepcap (D:6)
  2 iguanas
  An orc wizard (D:5)
  8 adders
  2 ufetubi (D:5)
  A dart slug (D:1)
  3 ribbon worms
  7 orcs (D:5)
  16 bats
  9 endoplasms
  6 giant cockroaches
  5 goblins
  6 hobgoblins
  4 jackals (D:4)
  A quokka (D:2)
  6 ball pythons
  4 frilled lizards
  10 kobolds
  6 rats
116 creatures vanquished.

Vanquished Creatures (others)
  An orc priest (D:5)
  2 orcs (D:5)
3 creatures vanquished.

Grand Total: 119 creatures vanquished

Notes
Turn   | Place    | Note
-------+----------+-------------------------------------------
     0 | D:1      | javelincjr the Formicid Hunter began the quest for the Orb.
     0 | D:1      | Reached XP level 1. HP: 16/16 MP: 1/1
    92 | D:1      | Reached XP level 2. HP: 23/23 MP: 2/2
   333 | D:1      | Reached skill level 2 in Stealth
   364 | D:1      | Reached XP level 3. HP: 28/28 MP: 3/3
   643 | D:2      | Reached XP level 4. HP: 34/34 MP: 4/4
   951 | D:2      | Found Ihullid's Assorted Antiques.
   963 | D:2      | Bought 2 glowing dark potions for 52 gold pieces
  1016 | D:2      | Found a faded altar of an unknown god.
  1021 | D:2      | Prayed at the altar of an unknown god.
  1021 | D:2      | Became a worshipper of Beogh the Shepherd
  1021 | D:2      | Reached * piety under Beogh
  1117 | D:2      | Found a hazy altar of Hepliaklqana.
  1260 | D:2      | Reached skill level 3 in Stealth
  1558 | D:3      | Reached XP level 5. HP: 41/41 MP: 5/5
  2221 | D:4      | Noticed a black bear
  2230 | D:4      | Killed a black bear
  2231 | D:4      | Reached skill level 5 in Ranged Weapons
  2231 | D:4      | Reached skill level 4 in Stealth
  2231 | D:4      | Reached XP level 6. HP: 18/48 MP: 0/6
  2508 | D:2      | Bought a scroll labelled IMEREPH XEYTU for 29 gold pieces
  2619 | D:4      | Noticed a black bear
  2629 | D:4      | Killed a black bear
  2854 | D:4      | Noticed Blork the orc
  2858 | D:4      | Killed Blork the orc
  2859 | D:4      | Reached XP level 7. HP: 46/54 MP: 7/7
  2948 | D:4      | Reached ** piety under Beogh
  3169 | D:5      | Entered Level 5 of the Dungeon
  3246 | D:5      | Reached skill level 5 in Stealth
  3252 | D:5      | Found a shimmering altar of Xom.
  3466 | D:5      | Noticed Grinder
  3482 | D:5      | Killed Grinder
  3483 | D:5      | Reached skill level 5 in Fighting
  3483 | D:5      | Reached XP level 8. HP: 27/62 MP: 4/8
  3840 | D:5      | Found a staircase to the Ecumenical Temple.
  4136 | D:6      | Noticed a troll
  4328 | D:6      | a troll changed into a meliai
  4328 | D:6      | Noticed a meliai
  4492 | D:6      | Reached skill level 6 in Stealth
  4492 | D:6      | Reached skill level 1 in Invocations
  4528 | D:6      | Found a glowing silver altar of Zin.
  4641 | D:6      | Found a hazy altar of Hepliaklqana.
  4690 | D:6      | Found a white marble altar of Elyvilon.
  5081 | D:6      | Killed a meliai
  5082 | D:6      | Reached skill level 5 in Dodging
  5082 | D:6      | Reached XP level 9. HP: 46/69 MP: 1/11
  5090 | D:6      | Reached skill level 7 in Stealth
  5104 | D:6      | Slain by a killer bee

Illustrated notes

Levels and vault maps discovered:
D:1:      dpeg_arrival_boxorama, layout_rooms
D:2:      minmay_kobold_bridge, layout_loops_ring, serial_shops,
          nicolae_shop_hallway_plus, serial_rivers,
          chequers_serial_rivers_small_3, chequers_serial_rivers_micro_a,
          chequers_serial_rivers_micro_a, chequers_serial_rivers_small_b,
          chequers_serial_rivers_micro_d, ebering_ecumenical_altar_box,
          basic_altar, hex_tiny
D:3:      layout_loops_ring, grunt_ministairs_13
D:4:      layout_loops_cross, uniq_blork_the_orc
D:5:      layout_loops_ring, mainiacjoe_overflow_small_starburst,
          minmay_temple_entry_overgrown, uniq_grinder
D:6:      layout_loops_ring, nicolae_overflow_quartered_altars, zin_academy,
          st_stairs_5, roderic_batcave

Skill      XL: |  1  2  3  4  5  6  7  8  9 |
---------------+----------------------------+-----
Dodging        | 2 3 4 5 |  5.1
Stealth        | 2 3 4 5 6 7 |  7.2
Fighting       | 3 4 5 6 |  6.2
Ranged Weapons | 5 6 |  6.8
Invocations    | 3 |  3.4

Action                     |  1- 3 |  4- 6 |  7- 9 || total
---------------------------+-------+-------+-------++-------
   Fire: Shortbow          |    43 |       |       ||    43
         Sling             |    33 |   140 |   184 ||   357
 Invoke: Smiting           |       |       |     1 ||     1
Ability: Dig               |     2 |       |       ||     2
  Evoke: Wand              |       |       |     3 ||     3
    Use: Scroll            |       |     4 |     5 ||     9
         Potion            |       |       |     8 ||     8
 Armour: Leather armour    |    24 |    52 |    86 ||   162
         Skin              |       |       |    90 ||    90
  Dodge: Dodged            |    28 |    41 |    91 ||   160

Table legend: (Time is in decaauts)
 A = Elapsed time spent in this place.
 B = Non-inter-level travel time spent in this place.
 C = Inter-level travel time spent in this place.
 D = Time resting spent in this place.
 E = Time spent auto-exploring this place.
 F = Levels seen in this place.
 G = Mean time per level.
                   A        B        C        D        E       F      G
               +--------+--------+--------+--------+--------+-----+--------+
         Total |   5182 |   4788 |    394 |    458 |   3387 |   6 |  863.7 |
       Dungeon |   5182 |   4788 |    394 |    458 |   3387 |   6 |  863.7 |
               +--------+--------+--------+--------+--------+-----+--------+

Top non-repeatable levels by time:
     D:5: 1359 daAuts
     D:2: 1057 daAuts
     D:4: 935 daAuts
     D:3: 738 daAuts
     D:6: 596 daAuts
     D:1: 495 daAuts
